 Dungeon Crawl Stone Soup version 0.30-a0-1043-g60ff8d5f49 (webtiles) character file.

Game seed: 5605610477734159582

11 Esekla the Sneak (level 2, 21/21 HPs)
             Began as an Octopode Delver on Apr 9, 2023.
             Quit the game on level 5 of the Dungeon.
             The game lasted 00:01:33 (234 turns).

Esekla the Sneak (Octopode Delver)                   Turns: 234, Time: 00:01:33

Health: 21/21      AC:  1    Str: 11    XL:     2   Next: 25%
Magic:  2/2        EV: 13    Int: 12    God:
Gold:   33         SH:  0    Dex: 13    Spells: 1/1 levels left

rFire   . . .      SeeInvis .    a - +0 falchion
rCold   . . .      Faith    .    (no shield)
rNeg    . . .      Spirit   .    (helmet restricted)
rPois   .          Reflect  .    (no amulet)
rElec   .          Rampage  .    (no ring)
rCorr   .                        (no ring)
Will    .....                    (no ring)
Stlth   ++++                     (no ring)
HPRegen 0.23/turn                (no ring)
MPRegen 0.08/turn                (no ring)
                                 (no ring)
                                 (no ring)

@: no status effects
A: almost no armour, amphibious, 8 rings, camouflage 1, gelatinous body 1,
(nimble swimmer 1), tentacles
a: no special abilities


You were on level 5 of the Dungeon.
You visited 1 branch of the dungeon, and saw 1 of its levels.

You collected 33 gold pieces.

Inventory:

Hand Weapons
 a - a +0 falchion (weapon)
 h - the +3 war axe of Death's Door {protect, Drain rF+ rN+}
   (You found it on level 5 of the Dungeon)

   rF:        It protects you from fire.
   rN:        It protects you from negative energy.
   Drain:     It drains your maximum health when unequipped.
Wands
 f - a wand of digging (3)
 i - a wand of mindburst (4)
Scrolls
 b - a scroll of fog
 c - a scroll of noise {unknown}
 d - a scroll of fear
Potions
 e - a potion of haste
 g - a potion of lignification {unknown}


   Skills:
 * Level 3.1 Fighting
 * Level 2.1 Long Blades
 * Level 2.1 Dodging
 + Level 6.9 Stealth
 * Level 0.3 Spellcasting


You had one spell level left.
You didn't know any spells.
Your spell library contained the following spells:

 Spells                   Type           Power      Damage    Failure   Level
 Kiss of Death            Conj/Necr      0%         2d5       32%         1
 Confusing Touch          Hex            0%         N/A       69%         3
 Tukima's Dance           Hex            0%         N/A       69%         3
 Dispel Undead            Necr           0%         3d6       97%         4
 Passage of Golubria      Tloc           0%         N/A       97%         4
 Yara's Violent Unravell  Hex/Tmut       0%         3d3       100%        5


Dungeon Overview and Level Annotations

Branches:
Dungeon (5/15)
 Temple: D:4-7

Altars:
Makhleb
Trog

Shops:
D:5 [


Innate Abilities, Weirdness & Mutations

You cannot wear most types of armour.
You are amphibious.
You can wear up to eight rings at the same time.
Your skin changes colour to match your surroundings (Stealth+).
Your rubbery body absorbs attacks. (AC +1, EV +1)
((You are camouflaged when in or above water. (Stealth+)))
You have tentacles for arms and can constrict up to eight enemies at once.


Message History

Found Umiowut's Armour Shoppe.
There is an open door here.
There is an entrance to Umiowut's Armour Shoppe here.
There is an open door here.
You enter the deep water.
A howler monkey comes into view.
An ogre comes into view. It is wielding a +0 giant club.
Found a stone staircase leading up.
Found a spear.
Found a bone war axe.
An ufetubus comes into view.
The ufetubus hits you. The ufetubus misses you.
You see here the +3 war axe of Death's Door {protect, Drain rF+ rN+}.
h - the +3 war axe of Death's Door {protect, Drain rF+ rN+} The ufetubus hits you.
The ufetubus barely misses you.
Really wield
h - the +3 war axe of Death's Door {protect, Drain rF+ rN+}? [Y]es or [N]o only, please.
Really wield
h - the +3 war axe of Death's Door {protect, Drain rF+ rN+}?
Okay, then.
You hit the ufetubus. You grab the ufetubus.
The ufetubus is lightly wounded.
You constrict the ufetubus. The ufetubus barely misses you.
The ufetubus hits you. The ufetubus barely misses you. The ufetubus hits you.
You slash the ufetubus!
You kill the ufetubus!
You have reached level 2!
You start resting.
HP restored.
Found 8 stones.
Found Great Wizards, Vol.
VII.
Found a pair of gloves.
You pick up Great Wizards, Vol.
VII and begin reading...
You add the spells Tukima's Dance, Passage of Golubria and Yara's Violent Unravelling to your library.
You see here a +0 pair of gloves.
Found 20 gold pieces.
Found a runed brass wand.
Found a bloodstained altar of Trog and a burning altar of Makhleb.
i - a wand of mindburst (4)
You now have 33 gold pieces (gained 20).
Are you sure you want to abandon this character and quit the game? (Confirm with "yes".)

***,#.#.###.###.#.#*****
*,#,#,..#.#..,*,####**
*,#.###.#.#.###.....,,
*,#...#.#.#.#.....#***
*,#._........._..#*
*,#...#.#.#.#....#
*,#.###.#.#.###.##
*,,,#...#.#..,*,#
*,*,#@###.###.*,*
#..............,*
##.....######*##*
#######


There were no monsters in sight!

Vanquished Creatures
  2 ufetubi (D:5)
2 creatures vanquished.

Notes
Turn   | Place    | Note
-------+----------+-------------------------------------------
     0 | D:5      | Esekla the Octopode Delver began the quest for the Orb.
     0 | D:5      | Reached XP level 1. HP: 16/16 MP: 1/1
    38 | D:5      | Noticed a jelly
    91 | D:5      | Noticed a scorpion
    94 | D:5      | Found Umiowut's Armour Shoppe.
   100 | D:5      | Noticed a howler monkey
   108 | D:5      | Noticed an ogre
   122 | D:5      | Identified the +3 war axe of Death's Door {protect, Drain
                  | rF+ rN+}
   126 | D:5      | Reached XP level 2. HP: 7/21 MP: 2/2
   219 | D:5      | Found a bloodstained altar of Trog.
   219 | D:5      | Found a burning altar of Makhleb.
   234 | D:5      | Quit the game

Illustrated notes

Levels and vault maps discovered:
D:5:      layout_loops_ring, mainiacjoe_overflow_large_starburst, serial_shops,
          kennysheep_mini_moat, nicolae_figureground_sparkle

Action                     || total
---------------------------++-------
  Melee: Falchion          ||     3
         Constrict         ||     1
    Use: Scroll            ||     1
   Stab: Sleeping          ||     1
  Dodge: Dodged            ||     4

Table legend: (Time is in decaauts)
 A = Elapsed time spent in this place.
 B = Non-inter-level travel time spent in this place.
 C = Inter-level travel time spent in this place.
 D = Time resting spent in this place.
 E = Time spent auto-exploring this place.
 F = Levels seen in this place.
 G = Mean time per level.
                   A        B        C        D        E       F      G
               +--------+--------+--------+--------+--------+-----+--------+
         Total |    234 |    234 |      0 |     58 |      0 |   1 |  234.0 |
       Dungeon |    234 |    234 |      0 |     58 |      0 |   1 |  234.0 |
               +--------+--------+--------+--------+--------+-----+--------+

Top non-repeatable levels by time:
     D:5: 234 daAuts
